Map: Kairos Junction LE

Players

kangpunge

  • Race: Protoss Protoss
  • League: Platinum
  • Spawn Location: 5:00

MechaCaulk - Winner!

  • Race: Zerg Zerg
  • League: Platinum
  • Spawn Location: 11:00

VOD

Have the link to the VOD?

Description

Time

  • Played on: April 24, 2019, 3:58 a.m.
  • Length: 12:11
Show
View Real Time Build Order
Export as new Build Order

kangpunge Protoss 

Build Orders: 1 Gate Expand 

Get SALT Encoding   

  12  0:01  Probe  
  13  0:17  Pylon  
  13  0:18  Probe  
  14  0:30  Probe  
  15  0:40  Gateway  
  15  0:48  Assimilator, Probe  
  16  1:01  Probe  
  17  1:13  Probe  
  18  1:28  Nexus  
  18  1:40  Cybernetics Core  
  18  1:43  Probe  
  19  1:49  Assimilator  
  19  1:54  Warp Gate  
  19  1:59  Probe  
  20  2:07  Pylon  
  20  2:15  Probe  
  21  2:16  Adept  
  21  2:27  Probe  
  24  2:36  Robotics Facility  
  24  2:41  Gateway  
  24  2:44  Sentry  
  24  2:45  Probe  
  24  2:47  Probe  
  26  2:58  Probe  
  29  3:08  Gateway  
  29  3:13  Stalker  
  31  3:21  Probe  
  31  3:24  Observer  
  33  3:30  Stalker  
  33  3:31  Probe  
  36  3:43  Stalker  
  36  3:45  Pylon  
  38  3:49  Observer  
  38  3:50  Probe  
  38  3:51  Probe  
  41  4:03  Probe x2  
  41  4:08  Pylon  
  43  4:13  Stalker x2  
  43  4:15  Probe  
  48  4:22  Immortal  
  52  4:28  Zealot  
  52  4:29  Probe  
  52  4:30  Probe  
  56  4:41  Probe  
  57  4:46  Probe  
  58  4:53  Probe  
  59  5:03  Stalker  
  61  5:10  Gateway  
  61  5:11  Probe  
  61  5:12  Gateway  
  62  5:16  Gateway  
  62  5:20  Twilight Council  
  62  5:21  Assimilator  
  62  5:24  Assimilator  
  62  5:33  Pylon  
  62  5:34  Pylon  
  62  5:51  Probe x2  
  64  5:57  Nexus  
  64  5:58  Charge  
  64  5:59  Pylon  
  64  6:03  Probe  
  64  6:04  Stalker x2, Sentry  
  67  6:05  Zealot  
  73  6:20  Probe x2  
  75  6:37  Probe  
  76  6:40  Forge  
  76  6:45  Zealot  
  76  6:46  Zealot x3  
  84  6:47  Zealot  
  82  7:26  Stalker x2  
  82  7:27  Stalker x2  
  82  7:28  Zealot x2  
  80  7:43  Probe x3, Pylon  
  83  7:45  Photon Cannon  
  81  7:52  Photon Cannon  
  81  7:56  Blink  
  81  8:01  Stalker x2, Sentry  
  81  8:02  Zealot x2  
  81  8:03  Zealot  
  93  8:12  Protoss Ground Weapons Level 1  
  93  8:23  Stalker  
  93  8:24  Stalker  
  97  8:33  Stalker x2  
  97  8:34  Stalker, Sentry  
  103  8:37  Assimilator  
  103  8:39  Probe x3  
  103  8:40  Photon Cannon, Assimilator  
  108  8:45  Shield Battery  
  107  9:06  Pylon  
  107  9:08  Pylon  
  107  9:09  Stalker  
  109  9:12  Pylon  
  109  9:24  Immortal, Probe x3  
  116  9:30  Zealot, Stalker  
  116  9:31  Zealot x2  
  122  9:36  Probe x2  
  126  9:55  Stalker x2  
  126  9:57  Sentry  
  86  10:24  Stalker  
  86  10:25  Stalker  
  84  10:38  Stalker x2  
  84  10:40  Stalker x2  
  92  10:47  Immortal  
  96  10:58  Pylon  
  96  10:59  Templar Archives  
  96  11:02  Stalker x2, Pylon  
  100  11:04  Pylon  
  100  11:06  Pylon  
  100  11:13  Probe x2  
  100  11:14  Photon Cannon  
  100  11:16  Zealot x2, Photon Cannon  
  100  11:17  Zealot x2  
  110  11:18  Photon Cannon  
  110  11:34  Gateway  
  110  11:37  Gateway  
  110  11:39  Gateway  
  108  11:41  Gateway  
  108  11:42  Gateway  
  58  11:55  Stalker  
  58  11:56  Zealot x2  
  58  11:57  Zealot x3  
Show
View Real Time Build Order
Export as new Build Order

MechaCaulk Zerg - Winner!

Build Orders: Pool First 

Get SALT Encoding   

  12  0:03  Drone  
  13  0:08  Drone  
  14  0:18  Overlord  
  14  0:22  Extractor  
  14  0:24  Drone  
  14  0:36  Drone  
  14  0:37  Drone  
  16  0:48  Drone  
  17  0:58  Drone  
  18  1:10  Drone  
  19  1:12  Spawning Pool  
  18  1:19  Drone  
  19  1:32  Hatchery  
  18  1:33  Drone  
  19  1:41  Drone  
  19  1:43  Pneumatized Carapace  
  20  1:51  Drone  
  21  2:06  Overlord  
  21  2:18  Zergling x2  
  22  2:25  Extractor  
  22  2:26  Queen  
  22  2:27  Drone, Roach Warren  
  23  2:51  Zergling x4  
  26  2:52  Metabolic Boost  
  26  2:56  Zergling x6, Queen  
  31  3:07  Lair  
  31  3:11  Zergling x4  
  33  3:16  Drone  
  33  3:17  Drone  
  35  3:26  Drone  
  36  3:30  Extractor  
  35  3:37  Drone  
  36  3:44  Overlord  
  36  4:05  Overlord  
  36  4:07  Drone x2  
  38  4:17  Overlord x2  
  38  4:18  Zergling x4  
  38  4:21  Drone x4  
  45  4:24  Drone x2  
  46  4:37  Spire  
  45  4:51  Zergling x4  
  48  4:52  Drone  
  48  4:53  Drone x4  
  52  5:09  Overlord  
  52  5:19  Roach Warren  
  51  5:22  Drone x3  
  51  5:25  Zergling x4, Drone x2  
  58  5:35  Overseer  
  58  5:51  Overlord x2  
  58  5:53  Mutalisk x4  
  58  5:54  Mutalisk  
  68  6:01  Extractor  
  67  6:05  Roach x2  
  71  6:12  Hatchery  
  71  6:15  Roach x3  
  71  6:16  Roach  
  78  6:26  Mutalisk  
  80  6:34  Drone x6  
  80  6:35  Drone  
  87  6:43  Roach  
  87  6:44  Roach  
  91  6:51  Overlord  
  91  7:11  Roach x4  
  91  7:14  Zergling x2  
  87  7:26  Roach x5  
  87  7:27  Roach  
  86  7:32  Roach  
  86  7:39  Roach  
  86  7:40  Roach x2  
  90  7:46  Roach x3  
  94  7:53  Roach  
  96  7:59  Queen  
  96  8:00  Queen  
  96  8:01  Overlord x2  
  100  8:10  Drone x6  
  106  8:27  Overseer  
  106  8:35  Zergling x8  
  106  8:36  Zergling x2  
  106  8:39  Zergling x4  
  106  8:40  Zergling x4  
  115  8:47  Ravager x3  
  115  8:48  Ravager x4  
  122  8:55  Overlord x2  
  122  8:56  Overlord  
  122  9:15  Zergling x12  
  128  9:20  Overseer, Infestation Pit  
  128  9:22  Overlord  
  128  9:23  Overlord  
  127  9:25  Zergling x4  
  129  9:44  Roach x6  
  129  9:45  Roach x3  
  147  9:52  Hydralisk Den  
  147  9:56  Zergling x10  
  147  9:58  Extractor  
  150  10:00  Extractor  
  142  10:10  Roach x6  
  127  10:25  Zergling x6  
  127  10:26  Zergling x12, Overseer  
  136  10:29  Ravager x6  
  136  10:30  Zergling x2  
  136  10:31  Zergling x2  
  142  10:41  Zergling x8  
  146  10:55  Drone x4  
  146  10:56  Drone x6  
  156  11:07  Overlord x3  
  156  11:18  Hatchery  
  156  11:19  Zergling x12  
  161  11:26  Roach x6  
  160  11:52  Zergling x12  
Tags
 
Add a new tag
Caveats
  • Supply blocks, unpowered buildings, or Contaminate may cause inaccurate times.
  • Supply counts are checked every 10 seconds.